 Dungeon Crawl Stone Soup version 0.26-a0-639-g72c4674329 (webtiles) character file.

Game seed: 9166456662989191318

42819 Lugonue the Blocker (level 13, -2/65 HPs)
             Began as a Deep Elf Conjurer on Sept 17, 2020.
             Was the Champion of Cheibriados.
             Slain by a cane toad (36 damage)
             ... on level 6 of the Lair of Beasts.
             The game lasted 00:55:10 (19728 turns).

Lugonue the Blocker (Deep Elf Conjurer)            Turns: 19728, Time: 00:55:10

Health: -2/65      AC: 17    Str: 19    XL:     13   Next: 87%
Magic:  6/30       EV: 16    Int: 44    God:    Cheibriados [******]
Gold:   904        SH:  0    Dex: 28    Spells: 19/34 levels left

rFire    + + .     SeeInvis +   n - +2 short sword (venom)
rCold    + + .     Faith    .   w - +2 shield of Resistance {rF++ rC++ MR++}
rNeg     . . .     Spirit   .   C - +5 robe of Night {Dark MR+ SInv}
rPois    +         Reflect  +   D - +1 hat
rElec    .         Harm     .   l - +0 cloak
rCorr    .         Rampage  .   J - +2 pair of gloves
MR       ++++.                  A - +0 pair of boots
Stlth    +++++.....             h - amulet of reflection
HPRegen  0.20/turn              i - ring of poison resistance
MPRegen  0.22/turn              s - +4 ring of protection

@: sleeping, very slow
A: no striking features
a: Bend Time, Temporal Distortion, Slouch, Step From Time, Renounce Religion


You were on level 6 of the Lair of Beasts.
You worshipped Cheibriados.
Cheibriados was exalted by your worship.
You visited 2 branches of the dungeon, and saw 16 of its levels.

You collected 2764 gold pieces.
You spent 1860 gold pieces at shops.

Inventory:

Hand Weapons
 n - a +2 short sword of venom (weapon)
Missiles
 f - 39 poisoned darts (quivered)
Armour
 l - a +0 cloak (worn)
 w - the +2 shield of Resistance (worn) {rF++ rC++ MR++}
   (You bought it in a shop on level 8 of the Dungeon)

   It greatly protects you from fire.
   It greatly protects you from cold.
   It affects your resistance to hostile enchantments.
 A - a +0 pair of boots (worn)
 C - the +5 robe of Night (worn) {Dark MR+ SInv}
   (You bought it in a shop on level 8 of the Dungeon)

   It affects your resistance to hostile enchantments.
   It lets you see invisible.
 D - a +1 hat (worn)
 J - a +2 pair of gloves (worn)
Jewellery
 h - an amulet of reflection (around neck)
 i - a ring of poison resistance (left hand)
 s - a +4 ring of protection (right hand)
 v - an uncursed ring of ice
 G - an uncursed ring of protection from cold
 H - an uncursed ring of stealth
 I - an uncursed ring of ice
Wands
 p - a wand of acid (1)
 q - a wand of polymorph (17)
Scrolls
 a - a scroll of blinking
 b - 6 scrolls of teleportation
 j - a scroll of enchant weapon
 o - 5 scrolls of remove curse
 r - 3 scrolls of magic mapping
 y - a scroll of enchant armour
 B - 2 scrolls of identify
Potions
 c - a potion of might
 d - 2 potions of stabbing
 e - 7 potions of curing
 g - a potion of ambrosia
 k - 5 potions of lignification
 m - a potion of resistance
 t - a potion of cancellation
 u - 5 potions of flight
 z - a potion of brilliance
 E - a potion of mutation
Miscellaneous
 x - a tin of tremorstones (1/3)


   Skills:
 - Level 1.5 Fighting
 - Level 3.8 Short Blades
 - Level 1.5 Armour
 - Level 4.9 Dodging
 - Level 8.4 Stealth
 + Level 12.2 Shields
 - Level 11.3 Spellcasting
 - Level 11.3 Conjurations
 + Level 1.6 Necromancy
 * Level 9.0 Invocations
 * Level 9.3 Evocations


You had 19 spell levels left.
You knew the following spells:

 Your Spells              Type           Power        Failure   Level
a - Magic Dart            Conj           ####         0%          1
b - Searing Ray           Conj           ######       1%          2
c - Iskenderun's Mystic   Conj/Tloc      ######..     1%          4
d - Vampiric Draining     Necr           #####.....   2%          3
e - Agony                 Necr           #####...     24%         5

Your spell library contained the following spells:

 Spells                   Type           Power        Failure   Level
 Animate Skeleton         Necr           #####.       1%          1
 Pain                     Necr           ####         1%          1
 Dazzling Flash           Conj/Hex       ######       1%          3
 Fulminant Prism          Conj/Hex       ######....   1%          4
 Animate Dead             Necr           #####.....   9%          4


Dungeon Overview and Level Annotations

Branches:
Dungeon (10/15)            Temple (0/1) D:5            Lair (6/6) D:8
 Shoals (0/4) Lair:2        Snake (0/4) Lair:2        Slime (0/5) Lair:6
    Orc: D:9-12

Altars:
Ashenzari
Cheibriados
Dithmenos
Elyvilon
Fedhas
Hepliaklqana
Makhleb
Nemelex Xobeh
Okawaru
Qazlal
Ru
Sif Muna
Vehumet
Yredelemnul
Zin
The Shining One

Shops:
D:4 [[   D:8 [   D:9 (

Annotations:
D:7 1 runed translucent door


Message History

The cane toad is knocked back by the mystic blast.
The mystic blast hits the komodo dragon!
The komodo dragon is severely wounded.
The komodo dragon is knocked back by the mystic blast.
The mystic blast hits the dream sheep!
The dream sheep is heavily wounded.
The dream sheep is knocked back by the mystic blast.
A dream sheep comes into view. x2
Unknown command.
The dream sheep ruffle their wool and motes of dream dust sparkle, to no effect.
A dream sheep comes into view.
You block the cane toad's attack.
The dream sheep ruffle their wool and motes of dream dust sparkle, to no effect.
You block the cane toad's attack.
The dream sheep shake their wool and sparkle.
You feel drowsy...
You fall asleep.
The cane toad closely misses you. The dream sheep barely misses you.
The cane toad stings you!!!
Ouch! That really hurt!
You die...

..... .....
............
............
...l.!......
.....#.Y.#Y.
#....Y...
###l.....
..##(FY.....
#....@Y.....
............
#P.....#.#..
##########..


You could see a komodo dragon, a cane toad and 5 dream sheep.

Vanquished Creatures
  A dire elephant (Lair:5)
  Snorg (Lair:5)
  5 hydras
  2 spriggans
  Pikel (D:4)
  20 elephants
  A black mamba (Lair:2)
  27 cane toads
  A rime drake (Lair:6)
  A komodo dragon (Lair:6)
  A troll (D:5)
  A hornet (Lair:2)
  2 slime creatures (Lair:6)
  13 blink frogs (Lair:6)
  8 hippogriffs
  4 dream sheep (Lair:6)
  A basilisk (Lair:5)
  A wraith (D:10)
  2 wyverns
  28 yaks
  6 vampire mosquitoes (Lair:6)
  2 wargs (D:8)
  3 nagas (Lair:2)
  8 water moccasins
  6 porcupines
  2 black bears (D:9)
  3 orc warriors
  3 phantoms
  2 sky beasts
  3 ice beasts
  35 wolves
  An ogre (D:8)
  5 centaurs
  6 crocodiles
  3 lemures (D:4)
  2 big kobolds
  17 bullfrogs
  A gnoll sergeant (D:8)
  2 wyvern skeletons
  2 scorpions
  8 killer bees (D:10)
  3 howler monkeys
  4 wights (D:7)
  A crimson imp (D:5)
  A centaur zombie (D:7)
  6 hounds
  7 jellies
  A bullfrog zombie (D:10)
  A centaur skeleton (D:5)
  7 orc priests
  2 iguanas (D:4)
  9 orc wizards
  9 worker ants
  4 gnolls (D:8)
  8 adders
  4 shadow imps
  3 white imps (D:7)
  3 ufetubi
  An ooze (D:6)
  3 adder zombies
  4 worms
  2 dart slugs
  5 leopard geckos
  36 orcs
  5 giant cockroaches
  10 goblins
  9 hobgoblins
  16 jackals
  3 quokkas
  3 ball pythons
  8 bats
  3 frilled lizards
  18 kobolds
  A leopard gecko skeleton (D:4)
  2 quokka skeletons
  8 rats
451 creatures vanquished.

Vanquished Creatures (others)
  A quokka (D:7)
  A bush (Lair:6)
  136 fungi
  207 plants
345 creatures vanquished.

Grand Total: 796 creatures vanquished

Notes
Turn   | Place    | Note
-------+----------+-------------------------------------------
     0 | D:1      | Lugonue the Deep Elf Conjurer began the quest for the Orb.
     0 | D:1      | Reached XP level 1. HP: 10/10 MP: 6/6
   167 | D:1      | Reached XP level 2. HP: 15/15 MP: 0/8
   445 | D:1      | Reached skill level 5 in Conjurations
   951 | D:2      | Reached XP level 3. HP: 14/19 MP: 4/9
  1522 | D:2      | Found a snail-covered altar of Cheibriados.
  1567 | D:2      | Became a worshipper of Cheibriados the Contemplative
  1985 | D:3      | Learned a level 2 spell: Searing Ray
  2076 | D:3      | Reached XP level 4. HP: 24/24 MP: 6/11
  2405 | D:3      | Reached * piety under Cheibriados
  2972 | D:3      | Found a glowing silver altar of Zin.
  3190 | D:3      | Found a glowing golden altar of the Shining One.
  3237 | D:4      | Found Fuvviul's Armour Boutique.
  3256 | D:4      | Reached XP level 5. HP: 28/28 MP: 7/13
  3534 | D:4      | Noticed a lemure
  3539 | D:4      | Noticed Pikel
  3543 | D:4      | Noticed a lemure
  3626 | D:4      | Found Haogrofae's Armour Boutique.
  3728 | D:4      | Noticed a lemure
  3728 | D:4      | Noticed a lemure
  3733 | D:4      | Killed a lemure
  3735 | D:4      | Killed a lemure
  3735 | D:4      | Killed a lemure
  3740 | D:4      | Killed Pikel
  3740 | D:4      | Reached ** piety under Cheibriados
  3740 | D:4      | Reached skill level 1 in Short Blades
  3740 | D:4      | Reached XP level 6. HP: 6/33 MP: 3/17
  3740 | D:4      | Reached XP level 7. HP: 7/37 MP: 3/18
  4269 | D:5      | Entered Level 5 of the Dungeon
  4344 | D:5      | You fall into a shaft and drop 3 floors!
  4370 | D:8      | Learned a level 4 spell: Iskenderun's Mystic Blast
  4806 | D:8      | Reached XP level 8. HP: 42/42 MP: 11/20
  4812 | D:8      | Reached skill level 5 in Stealth
  5019 | D:8      | Found Cyol's Armour Shop.
  5056 | D:8      | Found a staircase to the Lair.
  5132 | D:8      | Reached skill level 1 in Evocations
  5397 | D:8      | Found a basalt altar of Yredelemnul.
  5428 | D:8      | Found a stormy altar of Qazlal.
  5428 | D:8      | Found a sacrificial altar of Ru.
  5475 | D:8      | Reached skill level 1 in Fighting
  5477 | D:8      | Reached *** piety under Cheibriados
  5700 | D:7      | Reached XP level 9. HP: 47/47 MP: 3/23
  5821 | D:7      | Found a white marble altar of Elyvilon.
  6256 | D:6      | Found a sparkling altar of Nemelex Xobeh.
  6263 | D:6      | Reached **** piety under Cheibriados
  7053 | D:6      | Found a shattered altar of Ashenzari.
  7066 | D:6      | Found a blossoming altar of Fedhas.
  7148 | D:6      | Reached skill level 10 in Conjurations
  7562 | D:5      | Found a hazy altar of Hepliaklqana.
  7598 | D:4      | Bought the +1 leather armour of the Gusle {MR+ Int+3} for
                  | 362 gold pieces
  7746 | D:5      | Noticed a troll
  7756 | D:5      | Killed a troll
  8209 | D:5      | Reached skill level 10 in Spellcasting
  8235 | D:5      | Found a burning altar of Makhleb.
  8272 | D:5      | Found a radiant altar of Vehumet.
  8394 | D:5      | Found a staircase to the Ecumenical Temple.
  8452 | D:5      | Found a shattered altar of Ashenzari.
  8831 | D:5      | Reached ***** piety under Cheibriados
  9097 | D:7      | Reached XP level 10. HP: 49/52 MP: 19/26
  9307 | D:7      | Found a runed translucent door.
  9307 | D:7      | Noticed a sixfirhy
  9821 | D:8      | Found a shimmering blue altar of Sif Muna.
 10110 | D:9      | Found Addeih's Weapon Shoppe.
 10436 | D:9      | Found a shadowy altar of Dithmenos.
 10497 | D:9      | Reached skill level 1 in Armour
 10574 | D:9      | Found an iron altar of Okawaru.
 10815 | D:10     | Entered Level 10 of the Dungeon
 11300 | D:10     | Identified a scroll of acquirement
 11300 | D:10     | Acquired 1820 gold pieces
 11441 | D:8      | Bought the +2 shield of Resistance {rF++ rC++ MR++} for 778
                  | gold pieces
 11441 | D:8      | Found the +2 shield of Resistance {rF++ rC++ MR++}
 11441 | D:8      | Bought the +5 robe of Night {Dark MR+ SInv} for 720 gold
                  | pieces
 11441 | D:8      | Found the +5 robe of Night {Dark MR+ SInv}
 11493 | Lair:1   | Entered Level 1 of the Lair of Beasts
 11535 | Lair:1   | Noticed a five-headed hydra
 11543 | Lair:1   | Killed a five-headed hydra
 11543 | Lair:1   | Reached skill level 3 in Shields
 11770 | Lair:1   | Reached ****** piety under Cheibriados
 11770 | Lair:1   | Reached skill level 4 in Shields
 11884 | Lair:1   | Reached skill level 1 in Invocations
 11884 | Lair:1   | Reached XP level 11. HP: 50/56 MP: 7/28
 11907 | Lair:1   | Reached skill level 5 in Shields
 12675 | Lair:2   | Reached skill level 5 in Evocations
 12760 | Lair:2   | Reached skill level 6 in Shields
 12787 | Lair:2   | Reached skill level 5 in Invocations
 13212 | Lair:2   | Found a staircase to the Shoals.
 13236 | Lair:2   | Reached skill level 7 in Shields
 13564 | Lair:2   | Noticed a spriggan rider
 13568 | Lair:2   | Killed a spriggan rider
 13568 | Lair:2   | Reached XP level 12. HP: 61/61 MP: 19/29
 13928 | Lair:2   | Found a staircase to the Snake Pit.
 13971 | Lair:2   | Reached skill level 8 in Shields
 15406 | Lair:4   | You fall into a shaft and drop 2 floors!
 15406 | Lair:6   | Entered Level 6 of the Lair of Beasts
 15406 | Lair:6   | Noticed a five-headed hydra
 15409 | Lair:6   | Got a dazzling kite shield
 15426 | Lair:6   | Identified the +1 kite shield of Wisdom {rF- Regen+ Dex+4}
                  | (You found it on level 6 of the Lair of Beasts)
 15493 | Lair:6   | Killed a five-headed hydra
 15493 | Lair:6   | Noticed a seven-headed hydra
 15496 | Lair:6   | Reached skill level 9 in Shields
 15503 | Lair:6   | Killed a seven-headed hydra
 15648 | Lair:6   | Noticed a six-headed hydra
 15657 | Lair:6   | Killed a six-headed hydra
 15852 | Lair:6   | Reached skill level 10 in Shields
 15908 | Lair:6   | Found a staircase to the Slime Pits.
 16208 | Lair:6   | Reached XP level 13. HP: 50/65 MP: 20/30
 16702 | Lair:6   | Reached skill level 11 in Shields
 18308 | Lair:5   | Noticed Snorg
 18327 | Lair:5   | Killed Snorg
 18824 | Lair:5   | Noticed a dire elephant
 18952 | Lair:5   | Reached skill level 12 in Shields
 18968 | Lair:5   | Learned a level 3 spell: Vampiric Draining
 19217 | Lair:5   | Learned a level 5 spell: Agony
 19243 | Lair:5   | Killed a dire elephant
 19323 | Lair:5   | Reached skill level 1 in Necromancy
 19728 | Lair:6   | Slain by a cane toad

Illustrated notes

Levels and vault maps discovered:
D:1:      dpeg_arrival_stone_temple_mockup, layout_loops_ring
D:2:      layout_loops_ring, lemuel_doored_altar
D:3:      layout_loops_ring, zin_scriptorium, tso_altar
D:4:      layout_rooms, serial_shops, shop, shop, corexii_checkpoint_a,
          minmay_misc_feat_tower, uniq_pikel
D:5:      layout_loops_ring, grunt_temple_overflow_lords_of_destruction,
          lemuel_crystal_altar, minmay_temple_entry_ruins,
          nicolae_ashenzari_panopticon
D:6:      layout_basic, nemelex_xobeh_ov_fountains_minmay,
          amethyst_overflow_temple_binary, hangedman_decor_points, st_stairs_10,
          grunt_decor_arrowhead
D:7:      cheibrodos_shockbox, layout_cave_pools, elyvilon_altar_4
D:8:      layout_basic, gammafunk_temple_overflow_statue,
          yredelemnul_altar_generic, led_sif_book, erik_lair_orcish_takeover,
          serial_shops, shop_coins
D:9:      layout_loops_ring, kennysheep_okawaru_gauntlet,
          grunt_dithmenos_smoke_and_mirrors, serial_shops,
          nicolae_shop_waterfront
D:10:     layout_loops_cross, orc_0_dummy
Lair:1:   layout_cave_shapes, infiniplex_staircase_pool
Lair:2:   layout_cellular_growth, shoals_dummy_entry,
          minmay_snake_entry_guardpost_small, grunt_forest_large_clearings
Lair:3:   layout_roguey, lemuel_fruit_fields
Lair:4:   layout_small_grid, serial_forest, infiniplex_forest_lined_room_2,
          infiniplex_forest_straight_3, infiniplex_forest_end_2,
          infiniplex_forest_straight_1, infiniplex_forest_corner_2,
          infiniplex_forest_corner_1
Lair:5:   mu_elephants_graveyard, layout_hall_layers, uniq_snorg
Lair:6:   minmay_lair_end_frog_pond, layout_gridlike,
          minmay_slime_entry_pillars, lemuel_fruit_tree

Skill      XL: |  1  2  3  4  5  6  7  8  9 10 11 12 13 |
---------------+----------------------------------------+-----
Conjurations   | 5 7 8 10 11 | 11.3
Spellcasting   | 4 6 7 8 10 11 | 11.3
Dodging        | 3 4 |  4.9
Stealth        | 4 6 7 8 |  8.4
Short Blades   | 1 2 3 |  3.8
Evocations     | 1 2 6 8 9 |  9.3
Fighting       | 1 |  1.5
Armour         | 1 |  1.5
Shields        | 4 7 10 12 | 12.2
Invocations    | 1 5 7 9 |  9.0
Necromancy     | 1 |  1.6

Action                   |  1- 3 |  4- 6 |  7- 9 | 10-12 | 13-15 || total
-------------------------+-------+-------+-------+-------+-------++-------
Melee: Short sword       |     3 |    29 |    17 |   247 |   168 ||   464
Throw: Dart              |     2 |       |       |       |       ||     2
 Cast: Magic Dart        |    84 |    63 |   137 |    98 |    26 ||   408
       Searing Ray       |     1 |     5 |    73 |   111 |    53 ||   243
       Iskenderun's Myst |       |       |     2 |    39 |    38 ||    79
       Vampiric Draining |       |       |       |       |     7 ||     7
       Agony             |       |       |       |       |     3 ||     3
Invok: Slouch            |       |       |       |     2 |     1 ||     3
Evoke: Wand              |       |       |     6 |    14 |    15 ||    35
       Tin of tremorston |       |       |       |       |     2 ||     2
  Use: Scroll            |     7 |     8 |     6 |    14 |     5 ||    40
       Potion            |       |       |     3 |     3 |     3 ||     9
 Stab: Sleeping          |     1 |       |     2 |     6 |     4 ||    13
       Distracted        |       |       |       |     3 |       ||     3
       Paralysed         |       |       |       |     1 |     1 ||     2
Armor: Robe              |     2 |     7 |    10 |    52 |    79 ||   150
       Leather armour    |       |       |     2 |    17 |       ||    19
Dodge: Dodged            |     8 |    22 |    37 |   167 |   141 ||   375
Block: Other             |     2 |     3 |    10 |    12 |       ||    27
       Reflection        |     1 |       |     3 |     4 |     4 ||    12
       Kite shield       |       |       |       |   398 |   356 ||   754

Table legend: (Time is in decaauts)
 A = Elapsed time spent in this place.
 B = Non-inter-level travel time spent in this place.
 C = Inter-level travel time spent in this place.
 D = Time resting spent in this place.
 E = Time spent auto-exploring this place.
 F = Levels seen in this place.
 G = Mean time per level.
                   A        B        C        D        E       F      G
               +--------+--------+--------+--------+--------+-----+--------+
         Total |  26710 |  25185 |   1525 |   3256 |  17769 |  16 | 1669.4 |
       Dungeon |  14860 |  13670 |   1190 |   1190 |  10452 |  10 | 1486.0 |
          Lair |  11849 |  11514 |    335 |   2065 |   7316 |   6 | 1974.8 |
               +--------+--------+--------+--------+--------+-----+--------+

Top non-repeatable levels by time:
  Lair:2: 3044 daAuts
     D:6: 2366 daAuts
     D:8: 2310 daAuts
  Lair:5: 2170 daAuts
  Lair:6: 2043 daAuts
     D:5: 1841 daAuts
  Lair:4: 1751 daAuts
     D:3: 1493 daAuts
  Lair:1: 1485 daAuts
     D:9: 1457 daAuts
  Lair:3: 1353 daAuts
     D:4: 1353 daAuts
     D:7: 1313 daAuts
     D:2: 1171 daAuts
     D:1: 897 daAuts
